 Dungeon Crawl Stone Soup version 0.28.0-53-g5a82cb258f (webtiles) character file.

Game seed: 7189723506373022268

705 safid the Cleaver (level 7, -4/88 HPs)
             Began as a Hill Orc Fighter on Aug 21, 2022.
             Succumbed to Duvessa's poison
             ... on level 5 of the Dungeon.
             The game lasted 00:04:08 (3746 turns).

safid the Cleaver (Hill Orc Fighter)                Turns: 3746, Time: 00:04:09

Health: -4/88      AC: 23    Str: 21    XL:     7   Next: 67%
Magic:  7/7        EV:  2    Int:  8    God:
Gold:   204        SH:  4    Dex: 10    Spells: 6/6 levels left

rFire   . . .      SeeInvis .   a - +0 war axe
rCold   . . .      Faith    .   c - +0 buckler
rNeg    . . .      Spirit   .   (armour currently unavailable)
rPois   +          Reflect  .   (helmet currently unavailable)
rElec   .          Harm     .   (cloak currently unavailable)
rCorr   .          Rampage  .   (gloves currently unavailable)
Will    .....      NoTele   +   (boots currently unavailable)
Stlth   +.........              (no amulet)
HPRegen 0.24/turn               t - +4 ring of evasion
MPRegen 0.10/turn               (no ring)

@: brilliant, lethally poisoned (-4 -> -26), lit by a corona, tree-form,
attractive, glowing
A: stationary, stasis, torment immunity, boosted hp
a: no special abilities


You were on level 5 of the Dungeon.
You were a tree.
You visited 1 branch of the dungeon, and saw 5 of its levels.

You collected 204 gold pieces.

Inventory:

Hand Weapons
 a - a +0 war axe (weapon)
Missiles
 n - 5 poisoned darts (quivered)
Armour
 c - a +0 buckler (worn)
 i - a +0 pair of boots (melded)
 q - a +0 plate armour (melded)
Jewellery
 t - a +4 ring of evasion (left branch)
Wands
 s - a wand of paralysis (6)
Scrolls
 b - 3 scrolls of identify {unknown}
 e - 3 scrolls of vulnerability {unknown}
 f - a scroll of amnesia {unknown}
 g - 2 scrolls of silence {unknown}
 m - 3 scrolls of teleportation {unknown}
 o - a scroll of fear {unknown}
 p - a scroll of brand weapon {unknown}
 r - a scroll of enchant weapon {unknown}
 u - a scroll of blinking {unknown}
 v - a scroll of holy word {unknown}
Potions
 d - a potion of might


   Skills:
 - Level 4.0 Fighting
 + Level 10.2 Axes
 - Level 4.0 Armour
 - Level 4.0 Shields


You had 6 spell levels left.
You didn't know any spells.
Your spell library contained the following spells:

 Spells                   Type           Power      Damage    Failure   Level
 Animate Armour           Summ/Erth      0%         N/A       99%         4
 Blade Hands              Tmut           0%         N/A       100%        5
 Iron Shot                Conj/Erth      0%         9d1       100%        6


Dungeon Overview and Level Annotations

Branches:
Dungeon (5/15)
 Temple: D:4-7

Altars:
Elyvilon

Shops:
D:4 [

Annotations:
D:5 Dowan, Duvessa


Message History

Your +0 plate armour melds into your body.
Your roots penetrate the ground.
* * * LOW HITPOINT WARNING * * *
You feel very sick. Dowan hits you but does no damage.
Duvessa hits you but does no damage.
It was a potion of curing.
You feel better. You block Duvessa's attack. Dowan hits you but does no damage.
Duvessa says, "When magic and the sword combine, nothing stands against them."
You block Duvessa's attack.
You closely miss Dowan.
Dowan is severely wounded.
You hit Duvessa but do no damage. Dowan hits you but does no damage.
Duvessa hits you with a +2 short sword of venom.
* * * LOW HITPOINT WARNING * * *
Unknown command.
You barely miss Dowan.
Dowan is severely wounded.
You hit Duvessa but do no damage.
Duvessa hits you with a +2 short sword of venom.
* * * LOW HITPOINT WARNING * * *
You are lethally poisoned!
You block Dowan's attack. Duvessa hits you but does no damage.
It was a potion of attraction.
You feel attractive to monsters.
* * * LOW HITPOINT WARNING * * *
You feel sick. You block Dowan's attack. Duvessa hits you but does no damage.
You are more poisoned.
You closely miss Dowan.
Dowan is severely wounded.
You barely miss Duvessa.
* * * LOW HITPOINT WARNING * * *
You feel very sick. Duvessa hits you but does no damage.
You are more poisoned.
Dowan hits you but does no damage.
Unknown command.
You hit Dowan but do no damage.
Dowan is severely wounded.
You hit Duvessa but do no damage.
You die...

#....#
#####.###.#÷#
#.....
.........<...
#....#
###.#...#.#
#....# #.#.###.#
#[...#######...#
#.#
#........##...##
#.#
#........##...#
#.#
#............##
#.#
#.e♣.........#
.#
##e#####.#.....#
#.# ...#........
..#
#.##..........
#.###..
........... ..
... #...........
... ...
............ ...
#.#.


You could see Duvessa (fast) and Dowan.

Vanquished Creatures
  A wyvern (D:4)
  A black bear (D:5)
  2 necrophages
  A bullfrog (D:4)
  A bullfrog skeleton (D:4)
  A jelly (D:4)
  An iguana (D:4)
  A hound zombie (D:5)
  5 adders
  A shadow imp (D:5)
  An ufetubus (D:5)
  2 adder skeletons
  2 dart slugs
  An orc (D:4)
  4 ball pythons
  5 bats
  5 endoplasms
  2 giant cockroaches
  3 goblins
  9 hobgoblins
  4 jackals (D:3)
  6 quokkas
  A frilled lizard (D:2)
  2 kobolds (D:2)
  4 rats (D:1)
66 creatures vanquished.

Vanquished Creatures (others)
  A plant (D:2)
1 creature vanquished.

Grand Total: 67 creatures vanquished

Notes
Turn   | Place    | Note
-------+----------+-------------------------------------------
     0 | D:1      | safid the Hill Orc Fighter began the quest for the Orb.
     0 | D:1      | Reached XP level 1. HP: 19/19 MP: 1/1
    78 | D:1      | Reached XP level 2. HP: 27/27 MP: 2/2
    86 | D:1      | Reached skill level 3 in Axes
   727 | D:1      | Found a faded altar of an unknown god.
   826 | D:2      | Reached XP level 3. HP: 33/33 MP: 3/3
  1368 | D:2      | Reached XP level 4. HP: 40/40 MP: 4/4
  1529 | D:3      | Reached skill level 4 in Axes
  1714 | D:3      | You fall into a shaft and drop 2 floors!
  1714 | D:5      | Entered Level 5 of the Dungeon
  1717 | D:5      | Noticed a necrophage
  1729 | D:5      | Killed a necrophage
  1730 | D:5      | Reached skill level 6 in Axes
  1730 | D:5      | Reached XP level 5. HP: 38/46 MP: 5/5
  1795 | D:5      | Noticed a black bear
  1810 | D:5      | Killed a black bear
  1811 | D:5      | Reached skill level 7 in Axes
  1811 | D:5      | Reached XP level 6. HP: 35/52 MP: 6/6
  2357 | D:3      | Noticed a necrophage
  2369 | D:3      | Killed a necrophage
  2370 | D:3      | Reached skill level 8 in Axes
  2813 | D:4      | Reached XP level 7. HP: 59/59 MP: 7/7
  2816 | D:4      | Found a white marble altar of Elyvilon.
  2953 | D:4      | Found Biel's Armour Shop.
  3029 | D:4      | Noticed a wyvern
  3041 | D:4      | Killed a wyvern
  3042 | D:4      | Reached skill level 9 in Axes
  3290 | D:4      | Reached skill level 10 in Axes
  3724 | D:5      | Noticed Dowan
  3725 | D:5      | Noticed Duvessa
  3740 | D:5      | HP: 2/88 [poisoned by Duvessa]
  3745 | D:5      | HP: 1/88 [poisoned by Duvessa]
  3746 | D:5      | Succumbed to Duvessa's poison

Illustrated notes

Levels and vault maps discovered:
D:1:      lightli_arrival_statue_moat, layout_loops_ring,
          chequers_ecumenical_altar_grove, chequers_serial_rivers_small_a
D:2:      layout_loops_ring, serial_forest, infiniplex_forest_straight_2,
          infiniplex_forest_clump_curved, infiniplex_forest_corner_1,
          infiniplex_forest_straight_3
D:3:      layout_basic
D:4:      layout_cave_pools, elyvilon_altar_5, serial_column_ruins,
          column_ruins_grid_1, column_ruins_grid_1,
          column_ruins_open_small_water, column_ruins_corridor_straight,
          column_ruins_corridor_straight, nicolae_inconvenience_store
D:5:      layout_rooms, corexii_corridor_pit, uniq_duvessa,
          uniq_crazy_yiuf_cottage

Skill      XL: |  1  2  3  4  5  6  7 |
---------------+----------------------+-----
Axes           | 3 6 7 8 10 | 10.2
Fighting       | 4 |  4.0
Armour         | 4 |  4.0
Shields        | 4 |  4.0

Action                   |  1- 3 |  4- 6 |  7- 9 || total
-------------------------+-------+-------+-------++-------
Melee: War axe           |    63 |    82 |    62 ||   207
  Use: Potion            |       |       |     4 ||     4
Armor: Scale mail        |    11 |       |       ||    11
       Chain mail        |    27 |    47 |       ||    74
       Plate armour      |       |    14 |    22 ||    36
       Skin              |       |       |     8 ||     8
Dodge: Dodged            |    27 |    23 |    15 ||    65
Block: Buckler           |     8 |    17 |    16 ||    41
